 Dungeon Crawl Stone Soup version 0.20.1-1-g8b1a95d (webtiles) character file.

10241 OfficerJojo the Geomancer (level 11, -10/64 HPs)
             Began as a Gargoyle Earth Elementalist on July 4, 2017.
             Was an Elder of Vehumet.
             Mangled by an orc warrior
             ... wielding a +0 glaive
              (23 damage)
             ... on level 9 of the Dungeon.
             The game lasted 00:44:22 (10834 turns).

OfficerJojo the Geomancer (GrEE)                   Turns: 10834, Time: 00:44:23

Health: -10/64     AC: 15    Str: 12    XL:     11   Next: 59%
Magic:  0/21       EV: 12    Int: 19    God:    Vehumet [****..]
Gold:   425        SH:  7    Dex: 10    Spells: 5/23 levels left

rFire    + . .     SeeInvis .   G - +3 morningstar (protect)
rCold    . . .     Gourm    .   E - +0 shield (curse)
rNeg     + + .     Faith    .   g - +0 leather armour
rPois    ∞         Spirit   +   (no helmet)
rElec    +         Reflect  .   F - +0 cloak {MR+}
rCorr    .         Harm     .   I - +0 pair of gloves
MR       ++...                  W - +0 pair of boots
Stlth    +++.......             o - amulet of guardian spirit
Regen    0.2/turn               U - ring of protection from fire
MPRegen  0.2/turn               f - ring of positive energy

@: no status effects
A: fangs 1, repulsion field 1, camouflage 1, magic resistance 1, negative energy
resistance 1, electricity resistance, unbreathing, petrification resistance, rot
immunity, AC +7
a: Renounce Religion


You were on level 9 of the Dungeon.
You worshipped Vehumet.
Vehumet was greatly pleased with you.
You were not hungry.

You visited 2 branches of the dungeon, and saw 10 of its levels.

You collected 425 gold pieces.

Inventory:

Hand Weapons
 G - a +3 morningstar of protection (weapon)
 X - a +2 flail of venom
 Y - a +2 dire flail of protection
 Z - a +6 flail
Missiles
 V - 24 stones (quivered)
Armour
 c - a +0 robe
 g - a +0 leather armour (worn)
 E - a cursed +0 shield (worn)
 F - a +0 cloak of magic resistance (worn)
 I - a +0 pair of gloves (worn)
 S - the cursed +1 chain mail of the Slorg {rElec Int+6, unknown}
   (You found it on level 9 of the Dungeon)

   It affects your intelligence (+6).
   It insulates you from electricity.
   It has a curse placed upon it.
 W - a +0 pair of boots (worn)
Jewellery
 f - a ring of positive energy (right hand)
 o - an amulet of guardian spirit (around neck)
 B - a +1 ring of slaying
 U - a ring of protection from fire (left hand)
Wands
 a - a wand of flame (32/48)
 r - a wand of paralysis (18/24)
 s - a wand of lightning (0/15)
 N - a wand of digging (5/24)
 R - a wand of polymorph (18/24)
Scrolls
 i - 2 scrolls of blinking
 k - 2 scrolls of fog
 n - 2 scrolls of fear
 q - a scroll of remove curse
 t - a scroll of random uselessness
 v - a scroll of immolation {unknown}
 y - 2 scrolls of enchant weapon
 z - 3 scrolls of amnesia
 D - a scroll of identify
 M - a scroll of enchant armour
 P - 2 scrolls of recharging
 Q - a scroll of magic mapping
Potions
 j - a potion of mutation
 l - 2 potions of lignification {unknown}
 p - 2 potions of might
 w - 2 potions of cancellation {unknown}
 x - a potion of heal wounds {unknown}
 A - a potion of magic {unknown}
 C - a potion of haste {unknown}
 K - 2 potions of brilliance {unknown}
 L - a potion of flight {unknown}
 O - a potion of degeneration {unknown}
 T - 3 potions of curing
Books
 e - a book of Geomancy

   Spells                             Type                      Level
   a - Sandblast                      Earth                        1
   b - Passwall                       Transmutation/Earth          2
   c - Stone Arrow                    Conjuration/Earth            3
   d - Petrify                        Transmutation/Earth          4
   e - Lee's Rapid Deconstruction     Earth                        5
 m - a book of Maledictions

   Spells                             Type                      Level
   a - Corona                         Hexes                        1
   b - Ensorcelled Hibernation        Hexes/Ice                    2
   c - Confuse                        Hexes                        3
   d - Tukima's Dance                 Hexes                        3
   e - Dazzling Spray                 Conjuration/Hexes            3
 u - a book of Minor Magic

   Spells                             Type                      Level
   a - Magic Dart                     Conjuration                  1
   b - Blink                          Translocation                2
   c - Call Imp                       Summoning                    2
   d - Slow                           Hexes                        2
   e - Conjure Flame                  Conjuration/Fire             3
   f - Mephitic Cloud                 Conjuration/Poison/Air       3
 H - a book of Debilitation

   Spells                             Type                      Level
   a - Corona                         Hexes                        1
   b - Slow                           Hexes                        2
   c - Inner Flame                    Hexes/Fire                   3
   d - Portal Projectile              Hexes/Translocation          3
   e - Cause Fear                     Hexes                        4
   f - Leda's Liquefaction            Hexes/Earth                  4
Comestibles
 b - 2 chunks of flesh
 d - 8 bread rations
 h - 6 meat rations
 J - 9 royal jellies


   Skills:
 + Level 6.0 Fighting
 + Level 5.3 Maces & Flails
 + Level 6.3 Armour
 + Level 4.7 Dodging
 - Level 2.1 Stealth
 + Level 1.5 Shields
 + Level 6.8 Spellcasting
 + Level 7.1 Conjurations
   Level 0.7 Transmutations
 + Level 4.4 Fire Magic
 + Level 9.2 Earth Magic
 + Level 4.5 Evocations


You had 5 spell levels left.
You knew the following spells:

 Your Spells              Type           Power        Failure   Level  Hunger
a - Sandblast             Erth           #####.       1%          1    None
b - Stone Arrow           Conj/Erth      #####.       2%          3    #......
c - Mephitic Cloud        Conj/Pois/Air  ###.....     21%         3    #......
d - Lee's Rapid Deconstr  Erth           #####.....   12%         5    #####..
e - Dazzling Spray        Conj/Hex       ###...       13%         3    #......
f - Conjure Flame         Conj/Fire      ####....     5%          3    #......


Dungeon Overview and Level Annotations

Branches:
Dungeon (9/15)             Temple (1/1) D:4             Orc (0/2) D:9
   Lair: D:8-11

Altars:
Ashenzari
Cheibriados
Dithmenos
Elyvilon
Hepliaklqana
Makhleb
Nemelex Xobeh
Okawaru
Qazlal
Ru
Sif Muna
Trog
Uskayaw
Vehumet
Xom
Yredelemnul
Zin
The Shining One

Shops:
D:5 %


Innate Abilities, Weirdness & Mutations

You are resistant to torment.
Your stone body is resilient. (AC +7)
You are immune to poison.
You resist negative energy. (rN+)
You are resistant to electric shocks. (rElec)
You can survive without breathing.
You are immune to petrification.
You are immune to rotting.
You have very sharp teeth.
You are surrounded by a mild repulsion field. (EV +2)
Your skin changes colour to match your surroundings (Stealth+).
You are resistant to hostile enchantments. (MR+)


Message History

Press: ? - help, Shift-Dir - straight line, f - orc warrior
Aim: an orc warrior, wielding a glaive and wearing a plate armour (heavily wounded)
The stone arrow hits the orc warrior.
The orc warrior is severely wounded.
You block the orc warrior's attack.
A gnoll comes into view. It is wielding a flail.
Casting: Stone Arrow
Confirm with . or Enter, or press ? or * to list all spells.
You don't have enough magic to cast that spell.
Unknown command.
Casting: Stone Arrow
Confirm with . or Enter, or press ? or * to list all spells.
Aiming: Sandblast
Press: ? - help, Shift-Dir - straight line, f/p - orc warrior
Aim: an orc warrior, wielding a glaive and wearing a plate armour (severely wounded)
The blast of sand hits the orc warrior.
The orc warrior is almost dead.
V - 24 stones The orc warrior hits you from afar with a glaive!!
You die...

#######################
#≈≈≈≈≈≈≈≈≈≈≈≈≈≈≈≈≈≈≈≈≈≈
#≈≈≈≈≈≈≈≈≈≈≈≈≈≈≈≈≈≈≈≈≈≈
#≈≈≈≈≈≈.≈≈≈≈≈..≈≈≈≈≈≈≈.
#≈≈≈≈≈........≈≈....≈..
#≈≈≈≈≈....P............
#≈≈≈≈.........####...##
#≈≈≈≈..(..g...# #...#
#≈≈≈..@####...+ #...#
#≈≈≈..)# #.g.####...#
#≈≈..oo# +...........
#≈≈...g####)g.....P....
#≈≈....g.ooP.g.#####...
#≈≈.....o......#...####
#≈≈≈...........'.).#.>#
#≈≈≈...........')..'..#
#≈≈≈........#########..


You could see an orc warrior, a gnoll shaman, 2 gnolls and an orc.

Vanquished Creatures
  A two-headed ogre (D:9)
  A queen ant (D:8)
  Prince Ribbit (D:6)
  2 hippogriffs
  A shadow (D:8)
  4 hogs (D:8)
  A human (D:8)
  A hungry ghost (D:8)
  20 soldier ants (D:8)
  An ice beast (D:7)
  7 orc warriors
  An eye of draining (D:6)
  8 ogres
  A hornet zombie (D:9)
  2 phantoms
  3 sky beasts
  3 centaurs
  8 bullfrogs
  A wyvern zombie (D:6)
  A water moccasin zombie (D:5)
  3 scorpions
  4 wights (D:7)
  5 howler monkeys
  4 crimson imps
  A hound (D:8)
  A quasit (D:5)
  2 jellies
  Crazy Yiuf (D:3)
  A bullfrog skeleton (D:8)
  A gnoll shaman (D:9)
  6 orc priests
  2 iguanas
  9 orc wizards
  29 worker ants
  A howler monkey zombie (D:6)
  A worker ant zombie (D:6)
  9 adders
  11 gnolls
  A howler monkey skeleton (D:5)
  3 shadow imps
  An ooze (D:1)
  2 adder skeletons
  An adder zombie (D:9)
  3 dart slugs
  6 leopard geckos
  32 orcs
  A ball python (D:4)
  6 giant cockroaches
  7 hobgoblins
  2 jackals (D:4)
  4 quokkas
  5 bats
  6 frilled lizards
  6 goblins
  A jackal skeleton (D:6)
  9 kobolds
  A leopard gecko zombie (D:8)
  4 rats
260 creatures vanquished.

Vanquished Creatures (others)
  A fungus (D:9)
1 creature vanquished.

Grand Total: 261 creatures vanquished

Notes
Turn   | Place    | Note
-------+----------+-------------------------------------------
     0 | D:1      | OfficerJojo the Gargoyle Earth Elementalist began the quest for the Orb.
     0 | D:1      | Reached XP level 1. HP: 10/10 MP: 3/3
   246 | D:1      | Reached skill level 4 in Earth Magic
   247 | D:1      | Reached XP level 2. HP: 15/15 MP: 0/5
   978 | D:2      | Reached XP level 3. HP: 19/19 MP: 4/6
   994 | D:2      | Learned a level 3 spell: Stone Arrow
  1310 | D:2      | Reached skill level 1 in Conjurations
  1836 | D:2      | Reached XP level 4. HP: 23/24 MP: 8/8
  1912 | D:3      | Found a shadowy altar of Dithmenos.
  1974 | D:3      | Reached skill level 5 in Earth Magic
  2243 | D:3      | Found a runed door.
  2328 | D:3      | Noticed Crazy Yiuf
  2345 | D:3      | HP: 1/24 [Crazy Yiuf/quarterstaff of chaos (3)]
  2512 | D:2      | Reached XP level 5. HP: 11/28 MP: 4/9
  2741 | D:3      | Killed Crazy Yiuf
  3162 | D:4      | Found a hazy altar of Hepliaklqana.
  3207 | D:4      | You fall through a shaft!
  3207 | D:5      | Entered Level 5 of the Dungeon
  3208 | D:5      | Noticed an orc warrior
  3210 | D:5      | Reached XP level 6. HP: 30/32 MP: 2/11
  3326 | D:4      | Found a burning altar of Makhleb.
  3355 | D:4      | Noticed a phantom
  3370 | D:4      | Killed a phantom
  3370 | D:4      | Reached skill level 6 in Earth Magic
  3503 | D:4      | Found a staircase to the Ecumenical Temple.
  3543 | Temple   | Entered the Ecumenical Temple
  3669 | Temple   | Became a worshipper of Vehumet
  3760 | D:4      | Reached XP level 7. HP: 36/36 MP: 10/13
  3982 | D:4      | Reached skill level 1 in Fighting
  4279 | D:5      | Reached skill level 1 in Armour
  4309 | D:5      | Found Baxuash's Food Shoppe.
  4492 | D:6      | Reached skill level 1 in Maces & Flails
  4534 | D:6      | Reached skill level 1 in Evocations
  4589 | D:6      | Reached XP level 8. HP: 33/44 MP: 2/14
  4852 | D:6      | Reached skill level 7 in Earth Magic
  5131 | D:6      | Noticed Prince Ribbit
  5138 | D:6      | Killed Prince Ribbit
  5138 | D:6      | Reached skill level 5 in Spellcasting
  5349 | D:6      | Gained mutation: You tend to lose your temper in combat. [mutagenic meat]
  5350 | D:6      | Gained mutation: You have sharp toenails. [mutagenic meat]
  5351 | D:6      | Gained mutation: You have a beak for a mouth. [mutagenic meat]
  5352 | D:6      | Gained mutation: You have razor-sharp toenails. [mutagenic meat]
  5354 | D:6      | Gained mutation: You are agile. (Dex +2) [mutagenic meat]
  5457 | D:6      | Reached * piety under Vehumet
  5457 | D:6      | Offered knowledge of Flame Tongue by Vehumet.
  5457 | D:6      | Reached XP level 9. HP: 51/51 MP: 9/16
  5486 | D:6      | Reached skill level 5 in Conjurations
  5536 | D:6      | Found a bloodstained altar of Trog.
  5709 | D:6      | Learned a level 1 spell: Flame Tongue
  5779 | D:7      | Found a radiant altar of Vehumet.
  5894 | D:7      | Learned a level 5 spell: Lee's Rapid Deconstruction
  5961 | D:7      | Lost mutation: You are agile. (Dex +2) [potion of mutation]
  5961 | D:7      | Lost mutation: You have razor-sharp toenails. [potion of mutation]
  5961 | D:7      | Lost mutation: You have sharp toenails. [potion of mutation]
  5961 | D:7      | Gained mutation: You are partially covered in molten scales. (AC +2) [potion of mutation]
  5962 | D:7      | Lost mutation: You tend to lose your temper in combat. [potion of mutation]
  5962 | D:7      | Lost mutation: You are partially covered in molten scales. (AC +2) [potion of mutation]
  5962 | D:7      | Lost mutation: You have a beak for a mouth. [potion of mutation]
  5962 | D:7      | Gained mutation: You are frail. (-10% HP) [potion of mutation]
  5962 | D:7      | Gained mutation: You have sharp fingernails. [potion of mutation]
  5962 | D:7      | Gained mutation: You evolve. [potion of mutation]
  5963 | D:7      | Lost mutation: You are frail. (-10% HP) [potion of mutation]
  5963 | D:7      | Lost mutation: You evolve. [potion of mutation]
  5963 | D:7      | Lost mutation: You have sharp fingernails. [potion of mutation]
  5963 | D:7      | Gained mutation: Your flesh is cold resistant. (rC+) [potion of mutation]
  5963 | D:7      | Gained mutation: You are resistant to hostile enchantments. (MR+) [potion of mutation]
  5963 | D:7      | Gained mutation: You have sharp fingernails. [potion of mutation]
  5963 | D:7      | Gained mutation: You are partially covered in iridescent scales. (AC +2) [potion of mutation]
  6027 | D:7      | Lost mutation: Your flesh is cold resistant. (rC+) [potion of mutation]
  6027 | D:7      | Gained mutation: Your skin changes colour to match your surroundings (Stealth+). [potion of mutation]
  6027 | D:7      | Gained mutation: You have very sharp teeth. [potion of mutation]
  6100 | D:7      | Reached skill level 1 in Fire Magic
  6324 | D:7      | Lost mutation: You are partially covered in iridescent scales. (AC +2) [mutagenic meat]
  6325 | D:7      | Lost mutation: You have sharp fingernails. [mutagenic meat]
  6326 | D:7      | Gained mutation: You are surrounded by a mild repulsion field. (EV +2) [mutagenic meat]
  6411 | D:7      | Found a glowing golden altar of the Shining One.
  6685 | D:7      | Found a sacrificial altar of Ru.
  6890 | D:8      | Reached ** piety under Vehumet
  6890 | D:8      | Offered knowledge of Throw Flame by Vehumet.
  6967 | D:8      | Learned a level 3 spell: Dazzling Spray
  7192 | D:8      | Reached skill level 8 in Earth Magic
  7198 | D:8      | Reached XP level 10. HP: 50/58 MP: 16/18
  7756 | D:8      | Reached skill level 5 in Fighting
  7853 | D:8      | Noticed a queen ant
  7867 | D:8      | Reached skill level 5 in Armour
  7878 | D:8      | Killed a queen ant
  8094 | D:8      | Offered knowledge of Mephitic Cloud by Vehumet.
  8412 | D:8      | Reached XP level 11. HP: 43/64 MP: 2/20
  8627 | D:8      | Reached *** piety under Vehumet
  8711 | D:8      | Reached skill level 9 in Earth Magic
  8857 | D:8      | Reached skill level 5 in Maces & Flails
  8966 | D:8      | Offered knowledge of Force Lance by Vehumet.
  9173 | D:8      | Found a deep blue altar of Sif Muna.
  9596 | D:9      | Reached **** piety under Vehumet
  9613 | D:9      | Learned a level 3 spell: Conjure Flame
  9967 | D:9      | Found a staircase to the Orcish Mines.
  9977 | D:9      | Learned a level 3 spell: Mephitic Cloud
  9989 | D:9      | Reached skill level 1 in Shields
 10074 | D:9      | Got an ancient chain mail
 10147 | D:9      | Noticed a two-headed ogre
 10161 | D:9      | Killed a two-headed ogre
 10388 | D:9      | Offered knowledge of Iskenderun's Mystic Blast by Vehumet.
 10834 | D:9      | Mangled by an orc warrior

Skill      XL: |  1  2  3  4  5  6  7  8  9 10 11 |
---------------+----------------------------------+-----
Earth Magic    | 4 5 6 7 8 9 |  9.2
Conjurations   | 1 2 3 4 5 6 7 |  7.1
Spellcasting   | 3 4 5 6 |  6.8
Fighting       | 1 3 4 5 6 |  6.0
Armour         | 1 3 4 5 6 |  6.3
Maces & Flails | 1 2 3 4 5 |  5.3
Dodging        | 2 3 4 |  4.7
Evocations     | 1 2 3 4 |  4.5
Fire Magic     | 1 3 4 |  4.4
Shields        | 1 |  1.5
Stealth        | |  2.1
Transmutations | |  0.7

Action                   |  1- 3 |  4- 6 |  7- 9 | 10-12 || total
-------------------------+-------+-------+-------+-------++-------
Melee: Dagger            |    60 |    37 |    17 |       ||   114
       Hand axe          |     1 |       |       |       ||     1
       Peck              |       |       |     2 |       ||     2
       Flail             |       |       |    27 |   244 ||   271
       Bite              |       |       |     2 |    27 ||    29
       Morningstar       |       |       |       |    82 ||    82
 Cast: Sandblast         |    36 |    57 |   127 |    25 ||   245
       Stone Arrow       |       |     7 |    40 |   102 ||   149
       Dazzling Spray    |       |       |     1 |     2 ||     3
       Lee's Rapid Decon |       |       |       |     3 ||     3
       Conjure Flame     |       |       |       |     3 ||     3
       Mephitic Cloud    |       |       |       |     1 ||     1
Evoke: Wand              |       |       |     3 |     1 ||     4
  Use: Scroll            |       |     5 |     9 |     1 ||    15
       Potion            |       |       |     4 |     1 ||     5
 Stab: Distracted        |       |       |       |     1 ||     1
       Invisible         |       |       |       |     1 ||     1
       Sleeping          |       |       |       |     2 ||     2
  Eat: Chunk             |     4 |     5 |    20 |    16 ||    45
       Fruit             |       |     2 |       |     2 ||     4
       Royal jelly       |       |       |     1 |       ||     1
Armor: Robe              |    16 |    28 |    29 |       ||    73
       Leather armour    |       |       |    16 |   179 ||   195
Dodge: Dodged            |    42 |    49 |    90 |   295 ||   476
Block: Shield            |       |       |       |    54 ||    54
